 Dungeon Crawl Stone Soup version 0.27.0-1-g7a089689b8 (webtiles) character file.

Game seed: 12755611739910317670

5740 BOMJPIETVODKU the Magician (level 10, 0/112 HPs)
             Began as a Gnoll Earth Elementalist on Aug 5, 2021.
             Was an Elder of Cheibriados.
             Slain by a brown ugly thing (5 damage)
             ... on level 8 of the Dungeon.
             The game lasted 00:34:20 (10111 turns).

BOMJPIETVODKU the Magician (GnEE)                  Turns: 10111, Time: 00:34:20

Health: 0/112      AC: 21    Str: 15 (18) XL:     10   Next: 77%
Magic:  6/30       EV:  2    Int: 23 (26) God:    Cheibriados [****..]
Gold:   311        SH:  0    Dex: 18 (21) Spells: 14/24 levels left

rFire    + . .     SeeInvis +   G - +4 war axe "Dyola" {freeze, rF+ Will+}
rCold    . . .     Faith    .   (no shield)
rNeg     + + +     Spirit   .   (armour currently unavailable)
rPois    +         Reflect  .   (helmet currently unavailable)
rElec    .         Harm     .   (cloak currently unavailable)
rCorr    .         Rampage  .   (gloves currently unavailable)
Will     +....     NoTele   +   (boots currently unavailable)
Stlth    ++++......             I - amulet of magic regeneration
HPRegen  0.28/turn              h - ring of see invisible
MPRegen  0.47/turn              t - ring of magical power

@: tree-form, corroded, very slightly contaminated, very slow
A: stationary, stasis, torment immunity, boosted hp, (fangs 1), strong nose,
distributed training
a: Renounce Religion, Bend Time, Temporal Distortion, Slouch


You were on level 8 of the Dungeon.
You worshipped Cheibriados.
Cheibriados was greatly pleased with you.
You were a tree.
You visited 2 branches of the dungeon, and saw 9 of its levels.

You collected 461 gold pieces.
You spent 150 gold pieces at shops.

Inventory:

Hand Weapons
 d - a +0 hand axe
 f - a +0 short sword
 E - a +0 war axe of venom
 G - the +4 war axe "Dyola" (weapon) {freeze, rF+ Will+}
   (You found it on level 6 of the Dungeon)

   It freezes those it strikes, dealing additional cold damage.
   It can also slow down cold-blooded creatures.
   rF:        It protects you from fire.
   Will:      It increases your willpower.
Missiles
 o - 28 poisoned darts
 p - 5 curare-tipped darts
 v - 6 throwing nets
 C - 31 stones
Armour
 b - a +1 robe
 s - the +2 ratskin cloak (melded) {*Rats rPois rN+ Str-1 Int-1 Dex+1}
   (You found it on level 5 of the Dungeon)

   When the wearer is hurt, rats may emerge from it to assist them.
   Str:       It affects your strength (-1).
   Int:       It affects your intelligence (-1).
   Dex:       It affects your dexterity (+1).
   rPois:     It protects you from poison.
   rN:        It protects you from negative energy.
 y - a +0 pair of boots (melded)
 z - a +1 chain mail of fire resistance
 F - +2 steam dragon scales (melded)
Jewellery
 h - a ring of see invisible (left branch)
 l - an amulet of the acrobat
 r - a ring of flight
 t - a ring of magical power (right branch)
 I - an amulet of magic regeneration (around neck)
Wands
 w - a wand of acid (2)
 x - a wand of flame (29)
 B - a wand of polymorph (8)
 D - a wand of digging (3)
 H - a wand of paralysis (9)
Scrolls
 a - 3 scrolls of enchant armour
 c - a scroll of blinking {unknown}
 g - 3 scrolls of enchant weapon
 i - 4 scrolls of teleportation
 j - a scroll of immolation {unknown}
 k - 6 scrolls of identify
 m - 2 scrolls of amnesia
 n - a scroll of magic mapping
 q - a scroll of fog
 u - 3 scrolls of fear {unknown}
Potions
 e - 4 potions of lignification


   Skills:
 + Level 5.6 Fighting
 + Level 5.6 Short Blades
 + Level 5.6 Long Blades
 + Level 5.6 Axes
 + Level 5.6 Maces & Flails
 + Level 5.6 Polearms
 + Level 5.6 Staves
 + Level 5.6 Slings
 + Level 5.6 Bows
 + Level 5.6 Crossbows
 + Level 5.6 Throwing
 + Level 5.6 Armour
 + Level 7.3 Dodging
 + Level 7.1 Stealth
 + Level 5.6 Shields
 + Level 5.6 Unarmed Combat
 + Level 7.6 Spellcasting
 + Level 4.6 Conjurations
 + Level 4.6 Hexes
 + Level 4.6 Summonings
 + Level 4.6 Necromancy
 + Level 4.6 Translocations
 + Level 5.1 Transmutations
 + Level 4.6 Fire Magic
 + Level 4.6 Ice Magic
 + Level 4.6 Air Magic
 + Level 7.2 Earth Magic
 + Level 4.6 Poison Magic
 + Level 6.1 Invocations
 + Level 5.6 Evocations


You had 14 spell levels left.
You knew the following spells:

 Your Spells              Type           Power      Damage    Failure   Level
a - Sandblast             Erth           84%        2d18      1%          1
b - Passwall              Tmut/Erth      30%        N/A       1%          2
c - Stone Arrow           Conj/Erth      72%        3d11      1%          3
d - Petrify               Tmut/Erth      37%        N/A       5%          4

Your spell library contained the following spells:

 Spells                   Type           Power      Damage    Failure   Level
 Ensorcelled Hibernation  Hex/Ice        60%        N/A       1%          2
 Spider Form              Tmut/Pois      15%        N/A       3%          3
 Animate Armour           Summ/Erth      72%        N/A       6%          4
 Lee's Rapid Deconstruct  Erth           21%        3d13*     10%         5
 Blade Hands              Tmut           16%        N/A       24%         5
 Summon Forest            Summ/Tloc      15%        N/A       30%         5
 Summon Mana Viper        Hex/Summ       30%        N/A       30%         5
 Iron Shot                Conj/Erth      18%        9d4       67%         6
 Shadow Creatures         Summ           N/A        N/A       86%         6
 Chain Lightning          Conj/Air       15%        3d20      100%        9
 Fire Storm               Conj/Fire      15%        8d4       100%        9


Dungeon Overview and Level Annotations

Branches:
Dungeon (8/15)             Temple (1/1) D:4
   Lair: D:8-11

Altars:
Ashenzari
Cheibriados
Dithmenos
Elyvilon
Fedhas
Gozag
Hepliaklqana
Kikubaaqudgha
Makhleb
Nemelex Xobeh
Okawaru
Qazlal
Ru
Sif Muna
Trog
Uskayaw
Vehumet
Wu Jian
Xom
Yredelemnul
Zin
The Shining One

Shops:
D:3 ??   D:6 =   D:7 ::

Portals:
Abyss: D:3

Annotations:
D:3 2 transporters, Armakuni's ghost, amateur HuMo


Innate Abilities, Weirdness & Mutations

You are a tree.
Your roots penetrate the ground, keeping you stationary.
You cannot be teleported.
You are immune to unholy pain and torment.
Your maximum health is greatly increased.
Your equipment is partially melded.
((You have very sharp teeth.))
Your uncanny sense of smell can sniff out nearby items.
Your experience applies equally to all skills.


Message History

You slash the brown ugly thing! You freeze the brown ugly thing.
The brown ugly thing is moderately wounded.
The brown ugly thing trunk-slaps you.
You are splashed with acid!
* * * LOW HITPOINT WARNING * * *
Your river rat bites the brown ugly thing.
The brown ugly thing trunk-slaps you!
* * * LOW HITPOINT WARNING * * *
You are splashed with acid!
* * * LOW HITPOINT WARNING * * *
Casting: Petrify (dangerous; 5% risk of failure)
Confirm with . or Enter, or press ? or * to list all spells.
You don't know that spell.
Unknown command.
Casting: Petrify (dangerous; 5% risk of failure)
Confirm with . or Enter, or press ? or * to list all spells.
Aiming: Petrify (dangerous; 5% risk of failure)
Press: ? - help, Shift-Dir - straight line, f/p - brown ugly thing
Aim: a brown ugly thing (moderately wounded, ally target, chance to affect: 48%)
The brown ugly thing resists with some effort.
Your river rat barely misses the brown ugly thing.
The brown ugly thing trunk-slaps you but does no damage.
A brown ugly thing is nearby!
You cannot move.
You hit the brown ugly thing. You freeze the brown ugly thing.
The brown ugly thing is heavily wounded.
Your river rat bites the brown ugly thing.
The brown ugly thing trunk-slaps you.
* * * LOW HITPOINT WARNING * * *
You are splashed with acid.
* * * LOW HITPOINT WARNING * * *
Okay, then.
You hit the brown ugly thing but do no damage.
The brown ugly thing is heavily wounded.
Your river rat closely misses the brown ugly thing.
The brown ugly thing trunk-slaps you but does no damage.
You slash the brown ugly thing! You freeze the brown ugly thing.
The brown ugly thing is severely wounded.
Your river rat bites the brown ugly thing!
The brown ugly thing trunk-slaps you.
You die...

..'............
..#####..#####
..# #..#.. ###
#..#.######+####
#..#.##...(....#
#..#.##........+
##.#.##........#
#.#..'........#
#..###...♣r...#
#..# #...u....#
#..# #........#
#.............#
###.###.#..####
#.. #.#..#
#.##.#..#
..#.#..# #.#


You could see a brown ugly thing (ally target) and a friendly river rat.

Vanquished Creatures
  Harold (D:7)
  Erica (D:8)
  Pikel (D:8)
  Maggie (D:7)
  A troll (D:6)
  2 fire bats (D:4)
  A steam dragon (D:7)
  4 water moccasins
  An orc warrior (D:5)
  3 black bears
  An ice beast (D:5)
  2 ogres (D:7)
  A necrophage (D:7)
  A scorpion (D:4)
  15 killer bees
  A howler monkey (D:7)
  2 jellies
  An orc priest (D:6)
  6 hounds
  Crazy Yiuf (D:3)
  A centaur skeleton (D:7)
  2 gnoll shamans (D:7)
  4 iguanas
  2 orc wizards
  3 hell rats (D:5)
  A killer bee zombie (D:7)
  A howler monkey zombie (D:7)
  6 adders
  5 gnolls (D:7)
  A howler monkey skeleton (D:7)
  21 river rats (D:5)
  2 worms (D:2)
  5 dart slugs
  16 orcs
  9 endoplasms
  8 giant cockroaches
  8 goblins
  9 hobgoblins
  12 jackals
  7 kobolds
  2 quokkas
  8 ball pythons
  5 bats
  7 frilled lizards
  10 rats
202 creatures vanquished.

Notes
Turn   | Place    | Note
-------+----------+-------------------------------------------
     0 | D:1      | BOMJPIETVODKU the Gnoll Earth Elementalist began the quest
                  | for the Orb.
     0 | D:1      | Reached XP level 1. HP: 13/13 MP: 6/6
    54 | D:1      | Reached XP level 2. HP: 7/19 MP: 0/7
   459 | D:1      | Reached XP level 3. HP: 17/25 MP: 0/9
   623 | D:1      | Reached skill level 5 in Spellcasting
  1073 | D:2      | Reached skill level 1 in Invocations
  1187 | D:2      | Learned a level 2 spell: Passwall
  1260 | D:2      | Reached skill level 1 in Fighting
  1260 | D:2      | Reached skill level 1 in Short Blades
  1260 | D:2      | Reached skill level 1 in Long Blades
  1260 | D:2      | Reached skill level 1 in Axes
  1260 | D:2      | Reached skill level 1 in Maces & Flails
  1260 | D:2      | Reached skill level 1 in Polearms
  1260 | D:2      | Reached skill level 1 in Staves
  1260 | D:2      | Reached skill level 1 in Slings
  1260 | D:2      | Reached skill level 1 in Bows
  1260 | D:2      | Reached skill level 1 in Crossbows
  1260 | D:2      | Reached skill level 1 in Throwing
  1260 | D:2      | Reached skill level 1 in Armour
  1260 | D:2      | Reached skill level 1 in Shields
  1260 | D:2      | Reached skill level 1 in Unarmed Combat
  1260 | D:2      | Reached skill level 1 in Evocations
  1285 | D:2      | Found a hazy altar of Hepliaklqana.
  1322 | D:2      | Reached XP level 4. HP: 32/32 MP: 6/11
  1387 | D:2      | Found a faded altar of an unknown god.
  2247 | D:3      | Reached skill level 1 in Conjurations
  2247 | D:3      | Reached skill level 1 in Hexes
  2247 | D:3      | Reached skill level 1 in Summonings
  2247 | D:3      | Reached skill level 1 in Necromancy
  2247 | D:3      | Reached skill level 1 in Translocations
  2247 | D:3      | Reached skill level 1 in Fire Magic
  2247 | D:3      | Reached skill level 1 in Ice Magic
  2247 | D:3      | Reached skill level 1 in Air Magic
  2247 | D:3      | Reached skill level 1 in Poison Magic
  2260 | D:3      | Found a transporter.
  2264 | D:3      | Noticed a small abomination
  2265 | D:3      | Found a transporter.
  2273 | D:3      | Noticed an ancient zyme
  2304 | D:3      | Found a one-way gate to the infinite horrors of the Abyss.
  2341 | D:3      | Found Qycs's Magic Scroll Shop.
  2351 | D:3      | Bought a scroll of amnesia for 49 gold pieces
  2351 | D:3      | Bought a scroll of identify for 28 gold pieces
  2351 | D:3      | Bought a scroll of magic mapping for 49 gold pieces
  2427 | D:3      | Reached XP level 5. HP: 32/37 MP: 6/12
  2499 | D:3      | Identified the +7 battleaxe "Gahel" {speed, +Rage}
  2691 | D:3      | Noticed Armakuni's ghost (amateur HuMo)
  2783 | D:3      | Found Wiuleh's Magic Scroll Shoppe.
  2817 | D:3      | Bought a scroll of fog for 24 gold pieces
  2835 | D:3      | Found a runed translucent door.
  2836 | D:3      | Noticed Crazy Yiuf
  2929 | D:3      | Learned a level 3 spell: Stone Arrow
  2935 | D:3      | Killed Crazy Yiuf
  3190 | D:4      | Found a transporter.
  3205 | D:4      | Found a transporter.
  3205 | D:4      | Noticed a fire bat
  3207 | D:4      | Noticed a fire bat
  3209 | D:4      | Killed a fire bat
  3210 | D:4      | Reached skill level 5 in Dodging
  3210 | D:4      | Reached XP level 6. HP: 44/44 MP: 7/14
  3212 | D:4      | Killed a fire bat
  3213 | D:4      | Reached XP level 7. HP: 36/50 MP: 1/15
  3522 | D:4      | Found a staircase to the Ecumenical Temple.
  3544 | Temple   | Entered the Ecumenical Temple
  3655 | Temple   | Became a worshipper of Cheibriados the Contemplative
  4594 | D:5      | Entered Level 5 of the Dungeon
  4654 | D:5      | Reached skill level 5 in Stealth
  4760 | D:5      | Reached * piety under Cheibriados
  4914 | D:5      | Reached XP level 8. HP: 57/57 MP: 13/16
  4925 | D:5      | HP: 3/85 [poisoned by a water moccasin]
  5620 | D:5      | Found a shimmering altar of Xom.
  5835 | D:5      | Reached ** piety under Cheibriados
  6142 | D:5      | Found the +2 ratskin cloak {*Rats rPois rN+ Str-1 Int-1
                  | Dex+1}
  6884 | D:6      | Noticed a troll
  6889 | D:6      | Killed a troll
  6890 | D:6      | Reached XP level 9. HP: 65/65 MP: 6/18
  6968 | D:6      | Found Giwiq Sau's Jewellery Boutique.
  7544 | D:6      | Identified the +4 war axe "Dyola" {freeze, rF+ Will+}
  7993 | D:7      | Noticed Harold
  8005 | D:7      | Killed Harold
  8006 | D:7      | Reached skill level 5 in Invocations
  8291 | D:7      | Reached *** piety under Cheibriados
  8487 | D:7      | Reached XP level 10. HP: 73/73 MP: 8/20
  8559 | D:7      | Noticed Maggie
  8566 | D:7      | Killed Maggie
  8680 | D:7      | Reached skill level 5 in Fighting
  8680 | D:7      | Reached skill level 5 in Short Blades
  8680 | D:7      | Reached skill level 5 in Long Blades
  8680 | D:7      | Reached skill level 5 in Axes
  8680 | D:7      | Reached skill level 5 in Maces & Flails
  8680 | D:7      | Reached skill level 5 in Polearms
  8680 | D:7      | Reached skill level 5 in Staves
  8680 | D:7      | Reached skill level 5 in Slings
  8680 | D:7      | Reached skill level 5 in Bows
  8680 | D:7      | Reached skill level 5 in Crossbows
  8680 | D:7      | Reached skill level 5 in Throwing
  8680 | D:7      | Reached skill level 5 in Armour
  8680 | D:7      | Reached skill level 5 in Shields
  8680 | D:7      | Reached skill level 5 in Unarmed Combat
  8680 | D:7      | Reached skill level 5 in Evocations
  8896 | D:7      | Found Mickiat's Book Shoppe.
  9418 | D:7      | Found Paelecan's Book Emporium.
  9746 | D:7      | Learned a level 4 spell: Petrify
  9791 | D:8      | Noticed Pikel
  9798 | D:8      | Killed Pikel
  9820 | D:8      | Reached skill level 5 in Transmutations
  9821 | D:8      | Reached **** piety under Cheibriados
 10085 | D:8      | Noticed Erica
 10085 | D:8      | Noticed a brown ugly thing
 10095 | D:8      | Killed Erica
 10109 | D:8      | HP: 4/112 [acid (5)]
 10111 | D:8      | Slain by a brown ugly thing

Illustrated notes

Levels and vault maps discovered:
D:1:      beargit_arrival_greenhouse, layout_loops_ring
D:2:      layout_basic, shapermc_ecumenical_altar_pompeii, basic_altar
D:3:      minmay_octagon_keep, layout_rooms, serial_shops, nicolae_shop_trees,
          nicolae_shop_behind_doors, gammafunk_ghost_abyssal_escape,
          uniq_crazy_yiuf_cottage
D:4:      gammafunk_cloud_chamber, layout_gridville,
          minmay_temple_entry_antechambers
D:5:      wander_guarded_unrand_ratskin, layout_basic, tgw_xom
D:6:      layout_rooms, serial_shops, nicolae_diamond_shop
D:7:      minmay_general_purpose_star, layout_basic, serial_shops,
          nicolae_shop_waterfront, nicolae_diamond_shop, grunt_ogre_cave,
          uniq_harold, uniq_maggie
D:8:      layout_basic, hellmonk_guarded_unrand_vitality_bloodlust, uniq_pikel,
          uniq_erica, uniq_maurice
Temple:   roderic_octagonal_lattice_temple

Skill      XL: |  1  2  3  4  5  6  7  8  9 10 |
---------------+-------------------------------+-----
Transmutations | 2 3 4 5 |  5.1
Spellcasting   | 5 6 7 |  7.6
Invocations    | 1 2 3 4 5 6 |  6.1
Fighting       | 1 2 3 4 5 |  5.6
Short Blades   | 1 2 3 4 5 |  5.6
Long Blades    | 1 2 3 4 5 |  5.6
Axes           | 1 2 3 4 5 |  5.6
Maces & Flails | 1 2 3 4 5 |  5.6
Polearms       | 1 2 3 4 5 |  5.6
Staves         | 1 2 3 4 5 |  5.6
Slings         | 1 2 3 4 5 |  5.6
Bows           | 1 2 3 4 5 |  5.6
Crossbows      | 1 2 3 4 5 |  5.6
Throwing       | 1 2 3 4 5 |  5.6
Armour         | 1 2 3 4 5 |  5.6
Shields        | 1 2 3 4 5 |  5.6
Unarmed Combat | 1 2 3 4 5 |  5.6
Evocations     | 1 2 3 4 5 |  5.6
Conjurations   | 1 2 3 4 |  4.6
Hexes          | 1 2 3 4 |  4.6
Summonings     | 1 2 3 4 |  4.6
Necromancy     | 1 2 3 4 |  4.6
Translocations | 1 2 3 4 |  4.6
Fire Magic     | 1 2 3 4 |  4.6
Ice Magic      | 1 2 3 4 |  4.6
Air Magic      | 1 2 3 4 |  4.6
Poison Magic   | 1 2 3 4 |  4.6
Dodging        | 5 6 7 |  7.3
Stealth        | 5 6 7 |  7.1
Earth Magic    | 6 7 |  7.2

Action                   |  1- 3 |  4- 6 |  7- 9 | 10-12 || total
-------------------------+-------+-------+-------+-------++-------
Melee: Unarmed           |     8 |       |       |       ||     8
       Bite              |     2 |     6 |    15 |     6 ||    29
       Hand axe          |     8 |       |       |       ||     8
       Short sword       |    25 |    29 |    88 |       ||   142
       Battleaxe         |       |     9 |     1 |       ||    10
       War axe           |       |       |    27 |    49 ||    76
       Punch             |       |       |     1 |       ||     1
Throw: Dart              |       |       |     2 |       ||     2
 Cast: Sandblast         |    44 |    47 |    62 |       ||   153
       Stone Arrow       |       |     8 |    74 |    28 ||   110
       Petrify           |       |       |       |     5 ||     5
Evoke: Wand              |       |       |       |     3 ||     3
  Use: Scroll            |       |     1 |     3 |       ||     4
       Potion            |       |       |    11 |     2 ||    13
 Stab: Sleeping          |     4 |     3 |     6 |     4 ||    17
Armor: Robe              |     7 |    17 |    32 |       ||    56
       Skin              |       |       |     3 |     4 ||     7
       Steam dragon scal |       |       |       |    32 ||    32
Dodge: Dodged            |    44 |    49 |   166 |   141 ||   400
